[Event "Late-Titled-Tuesday-Blitz-June-04-2024"]
[Site "Chess.com"]
[Date "2024.06.04"]
[Round "1"]
[White "Charodej1"]
[Black "gmcorrales"]
[Result "0-1"]
[WhiteElo "2469"]
[BlackElo "2892"]
[TimeControl "180+1"]
[EndTime "14:06:00 PDT"]
[Termination "gmcorrales won by resignation"]

1. e4 c5 2. Nf3 d6 3. d4 cxd4 4. Nxd4 Nf6 5. Nc3 g6 6. Be3 Bg7 7. f3 Nc6 8. Qd2 O-O 9. Bc4 Nxd4 10. Bxd4 Be6 11. Bb3 Qa5 12. O-O-O Bxb3 13. cxb3 Rfd8 14. Kb1 e6 15. Bxf6 Bxf6 16. Nd5 Qxd2 17. Nxf6+ Kg7 18. Nh5+ gxh5 19. Rxd2 Kf6 20. f4 Rd7 21. Rhd1 Ke7 22. Rd3 Rg8 23. g3 h4 24. b4 h5 25. a4 hxg3 26. hxg3 h4 27. Rg1 Rg4 28. Rf3 Rc7 29. b3 Rc8 30. Rd1 Rxg3 31. Rxg3 hxg3 32. Rg1 Rc3 33. Kb2 Rf3 34. Rg2 Rf2+ 0-1

[Event "Late-Titled-Tuesday-Blitz-June-04-2024"]
[Site "Chess.com"]
[Date "2024.06.04"]
[Round "1"]
[White "The_Sherman_Variation"]
[Black "Niteshch"]
[Result "0-1"]
[WhiteElo "2590"]
[BlackElo "2332"]
[TimeControl "180+1"]
[EndTime "14:06:00 PDT"]
[Termination "Niteshch won by resignation"]

1. b3 e5 2. Bb2 Nc6 3. e3 d5 4.
Bb5 Bd6 5. Nf3 f6 6. O-O a6 7. Bxc6+ bxc6 8. d4 e4 9. Nfd2 f5 10. c4 Nf6 11. f4 O-O 12. h3 Kh8 13. Nc3 Rg8 14. Ne2 Nh5 15. Qe1 g5 16. c5 Be7 17.
fxg5 Bxg5 18. Nf4 Bh4 19. Nxh5 Bxe1 20. Raxe1 f4 21. Nxf4 Qh4 22. Kh1 Bd7 23. Nxe4 Raf8 24. Nd2 Rxf4 25. exf4 Bxh3 26. g3 Bg2+ 27. Kg1 Qxg3 0-1

[Event "Late-Titled-Tuesday-Blitz-June-04-2024"]
[Site "Chess.com"]
[Date "2024.06.04"]
[Round "1"]
[White "snowlord"]
[Black "Larax"]
[Result "1-0"]
[WhiteElo "2926"]
[BlackElo "2497"]
[TimeControl "180+1"]
[EndTime "14:06:01 PDT"]
[Termination "snowlord won by resignation"]

1. d4 d5 2. c4 dxc4 3. Nf3 Nf6 4. Na3 e6 5. Nxc4 c5 6. g3 Nc6 7. Bg2 cxd4 8. O-O Bc5 9. a3 a5 10.
Bg5 O-O 11. Rc1 Be7 12. Qb3 a4 13.
Qb5 Nd5 14. Bxe7 Qxe7 15. Rfd1 Bd7 16. Nb6 Ra5 17. Nxd5 Rxb5 18. Nxe7+ Nxe7 19. Rc7 Rd8 20. Rxd4 Nd5 21. Rc2 Nb6 22. Ne1 e5 23. Rd6 Nc8 24.
Rxd7 1-0

[Event "Late-Titled-Tuesday-Blitz-June-04-2024"]
[Site "Chess.com"]
[Date "2024.06.04"]
[Round "1"]
[White "Kopytkin"]
[Black "RealPerangel"]
[Result "0-1"]
[WhiteElo "2413"]
[BlackElo "2739"]
[TimeControl "180+1"]
[EndTime "14:06:02 PDT"]
[Termination "RealPerangel won by resignation"]

1. d4 c5 2. e4 cxd4 3. c3 dxc3 4. Nxc3 Nc6 5. Nf3 e6 6. Bc4 a6 7. O-O b5 8. Bb3 d6 9. Qe2 Nge7 10. Bg5 h6 11.
Bh4 g5 12. Bg3 Ng6 13. Rac1 Bb7 14. Rfd1 Qf6 15. Nxb5 axb5 16. Qxb5 Qe7 17. Rxc6 Qd7 18. Rb6 Qxb5 19. Rxb5 Bxe4 20. Nd2 Bd3 21. Rb7 d5 22. a4 Bg7 23. Nf3 Be2 24. Re1 Bxf3 25. gxf3 O-O 26. Rc1 Bxb2 27. Rcc7 Be5 28. Bxe5 Nxe5 29. Kg2 Rfb8 30.
Rxb8+ Rxb8 31. Bd1 Rb2 32. a5 Ra2 33. Rc8+ Kg7 34. Ra8 Nd3 35. a6 Rxf2+ 36. Kg1 Ra2 37. a7 Ne5 38. Bb3 Nxf3+ 39. Kf1 Nd2+ 40. Ke1 Nxb3 0-1

[Event "Late-Titled-Tuesday-Blitz-June-04-2024"]
[Site "Chess.com"]
[Date "2024.06.04"]
[Round "1"]
[White "Synctel"]
[Black "Love7Unicorn"]
[Result "0-1"]
[WhiteElo "2066"]
[BlackElo "2537"]
[TimeControl "180+1"]
[EndTime "14:06:04 PDT"]
[Termination "Love7Unicorn won on time"]

1. d4 Nf6 2. Nf3 b6 3. e3 Bb7 4. Bd3 d6 5. Nbd2 Nbd7 6. O-O e5 7. e4 a5 8. a4 g6 9. dxe5 dxe5 10. Nc4 Qe7 11.
b3 Bg7 12. Ba3 Nc5 13. Nfxe5 O-O 14. Re1 Nh5 15. Bb2 Rad8 16. Qf3 f5 17. Qe3 fxe4 18. Be2 Nf4 0-1

[Event "Late-Titled-Tuesday-Blitz-June-04-2024"]
[Site "Chess.com"]
[Date "2024.06.04"]
[Round "1"]
[White "rezamahdavi2008"]
[Black "dimitrisl"]
[Result "1-0"]
[WhiteElo "2929"]
[BlackElo "2500"]
[TimeControl "180+1"]
[EndTime "14:06:06 PDT"]
[Termination "rezamahdavi2008 won by checkmate"]

1. b3 Nf6 2. Bb2 e6 3. Nf3 d5 4. e3 Be7 5. c4 O-O 6. Nc3 b6 7. cxd5 Nxd5 8. Nxd5 Qxd5 9. Qc2 Qc5 10. Qe4 Qd5 11.
Bd3 Qxe4 12. Bxe4 c6 13. Rc1 Bb7 14. Ne5 Rc8 15. d4 f6 16. Nd3 Nd7 17. Kd2 Rc7 18.
Rc2 Rac8 19. Rhc1 Kf7 20. Nf4 g6 21. Nd3 Bd6 22. b4 a6 23. a4 b5 24. a5 Nb8 25.
Nc5 Bxc5 26. Rxc5 Rd7 27. Ke2 Rd6 28. g4 Rcd8 29. h4 h6 30. f4 Kg7 31. h5 g5 32.
fxg5 fxg5 33. Rf1 Rf8 34. Rxf8 Kxf8 35. Rc1 Rd7 36. Bg6 Kg8 37. Rf1 Re7 38. Kd3 Nd7 39. e4 Nf8 40. Rf6 Nxg6 41. Rxg6+ Kh7 42. Rf6 Bc8 43. Rf8 Rc7 44. d5 cxd5 45. Rh8# 1-0

[Event "Late-Titled-Tuesday-Blitz-June-04-2024"]
[Site "Chess.com"]
[Date "2024.06.04"]
[Round "1"]
[White "CixPer1968"]
[Black "zacachess"]
[Result "0-1"]
[WhiteElo "2154"]
[BlackElo "2549"]
[TimeControl "180+1"]
[EndTime "14:06:07 PDT"]
[Termination "zacachess won on time"]

1. d4 Nf6 2. c4 e6 3. Nc3 Bb4 4. Qc2 O-O 5. a3 Bxc3+ 6. Qxc3 b6 7. Nf3 Bb7 8. Bd2 d6 9. g3 Nbd7 10. Bg2 c5 11. O-O Rc8 12. b3 d5 13. dxc5 Nxc5 14. Bg5 Nfe4 15. Bxd8 Nxc3 16. Be7 Nxb3 17. Bxf8 Nxa1 18.
Bb4 Nxe2+ 19. Kh1 Nc2 20. Bd2 Rxc4 21. Ne5 Rc8 22. Bf3 Ned4 23. Bd1 Nxa3 24. Re1 Nc4 25. Nd3 b5 26. Bc3 Nf5 27. Bf3 a5 28. Rb1 b4 0-1

[Event "Late-Titled-Tuesday-Blitz-June-04-2024"]
[Site "Chess.com"]
[Date "2024.06.04"]
[Round "1"]
[White "patzer-reloaded"]
[Black "Statham_01"]
[Result "0-1"]
[WhiteElo "2398"]
[BlackElo "2712"]
[TimeControl "180+1"]
[EndTime "14:06:12 PDT"]
[Termination "Statham_01 won on time"]

1. d3 e5 2. Nf3 Nc6 3. g3 d5 4. Bg2 Nf6 5. O-O Be7 6. Nc3 h6 7.
e4 d4 8. Ne2 Bg4 9. h3 Be6 10.
Nh4 Qd7 11. Nf5 Bf8 12. g4 g6 13. Nfg3 O-O-O 14. f4 exf4 15. Nxf4 Be7 16. Nxe6 fxe6 17. Bf4 e5 18. Bd2 Rdf8 19. Qe2 Nd8 20. c3 Ne6 21. c4 Bd6 22. b4 Nf4 23. Bxf4 exf4 24. e5 fxg3 25. exf6 c6 26. c5 Re8 27. Qb2 Bc7 28. Rae1 g5 29. Re4 Rxe4 30. Bxe4 Kb8 31. f7 Rf8 32. Qb3 g2 33. Kxg2 Qe7 34. Rf5 h5 35. gxh5 g4 36. hxg4 Qh4 37. Qd1 Bg3 0-1

[Event "Late-Titled-Tuesday-Blitz-June-04-2024"]
[Site "Chess.com"]
[Date "2024.06.04"]
[Round "1"]
[White "xasid81"]
[Black "teresin05"]
[Result "1-0"]
[WhiteElo "2632"]
[BlackElo "2328"]
[TimeControl "180+1"]
[EndTime "14:06:12 PDT"]
[Termination "xasid81 won on time"]

1. e4 c5 2. Nf3 Nc6 3. Bb5 e6 4.
Bxc6 bxc6 5. O-O Ne7 6. d3 d6 7. b3 Ng6 8. Bb2 e5 9. c3 Be7 10. d4 cxd4 11. cxd4 Qc7 12. dxe5 dxe5 13. h3 O-O 14.
Nbd2 Be6 15. Nc4 f6 16. Qc2 Nf4 17. Bc1 Rad8 18. Bxf4 exf4 19. Rfd1 f5 20. Rxd8 Bxd8 21. e5 Bd5 22. Qe2 Qf7 23. e6 Qxe6 24. Qxe6+ Bxe6 25. Nd4 Bd7 26. Ne5 Bf6 27. Nxd7 Bxd4 28. Rd1 c5 29.
Nxf8 Kxf8 30. Kf1 Ke7 31. Ke2 g5 32. f3 Ke6 33. Kd3 Kd5 34. Re1 Be3 35. Re2 h5 36. Rc2 g4 37. Rc4 Ke5 38. Ra4 Kd5 39. Ra6 Ke5 40.
Ra3 Bf2 41. Kc4 h4 42. Rxa7 Bd4 43. Re7+ Kf6 44. Re2 Be3 45. Rc2 Ke5 46. a4 Kd6 47. Rc3 Kc6 48. Rd3 g3 49. Rd5 1-0

[Event "Late-Titled-Tuesday-Blitz-June-04-2024"]
[Site "Chess.com"]
[Date "2024.06.04"]
[Round "1"]
[White "DeTimmerman"]
[Black "Chessdemon2019"]
[Result "1-0"]
[WhiteElo "2764"]
[BlackElo "2427"]
[TimeControl "180+1"]
[EndTime "14:06:15 PDT"]
[Termination "DeTimmerman won by resignation"]

1. b4 d5 2. Bb2 Qd6 3. a3 e5 4. e3 c6 5. c4 Be6 6. cxd5 cxd5 7. Nf3 Nd7 8. Be2 Ne7 9. O-O Ng6 10. Nc3 a6 11. d4 e4 12. Nd2 Be7 13. b5 O-O 14. a4 Qc7 15. Rc1 Qb6 16. Qb3 Rfc8 17. Nxd5 Bxd5 18. Qxd5 Nf6 19. Qb3 axb5 20. Bxb5 Nh4 21. Bc4 Qxb3 22. Bxb3 Bb4 23. Nc4 Nf5 24. Ne5 Nd6 25.
Rxc8+ Rxc8 26. Rc1 Rxc1+ 27. Bxc1 Kf8 28. f3 Ke7 29.
Kf2 Nfe8 30. Ke2 f6 31. Nc4 Nxc4 32. Bxc4 Nd6 33. Bd5 exf3+ 34. gxf3 b5 35. axb5 Nxb5 36. Kd3 Nd6 37. e4 Ba5 38. Ba3 Kd7 39. Bg8 h6 40. Bh7 Bc7 41. h4 Ke8 42. h5 Nc8 43. Bg6+ Kd7 44.
Bf8 Ne7 45. Bxg7 f5 46. Bxh6 fxe4+ 47. fxe4 Ke6 48. Ke3 Kf6 49. e5+ Ke6 50. Ke4 Nd5 51.
Bf5+ 1-0

[Event "Late-Titled-Tuesday-Blitz-June-04-2024"]
[Site "Chess.com"]
[Date "2024.06.04"]
[Round "1"]
[White "Nemsko"]
[Black "Alphafischer2019"]
[Result "0-1"]
[WhiteElo "2342"]
[BlackElo "2642"]
[TimeControl "180+1"]
[EndTime "14:06:16 PDT"]
[Termination "Alphafischer2019 won by checkmate"]

1. e4 e6 2. d4 d5 3. Nc3 dxe4 4. Nxe4 Nd7 5. Nf3 Ngf6 6. Bd3 Nxe4 7. Bxe4 Nf6 8. Bd3 c5 9. c3 cxd4 10. Nxd4 Bc5 11. O-O O-O 12. Bg5 h6 13. Bh4 Be7 14.
Bg3 Bd7 15. Qc2 Qb6 16. Rad1 Rfd8 17. Kh1 Rac8 18. f4 Nd5 19. Qe2 Bf6 20. Nb3 g6 21. Rfe1 Bg7 22. Be4 Bc6 23. Bf3 a5 24. Nd4 a4 25.
Nxc6 bxc6 26. Rd2 a3 27. Bxd5 cxd5 28. Bf2 Qc7 29. Bd4 axb2 30. Rxb2 Bxd4 31. cxd4 Qxf4 32.
Rf1 Rc1 33. Rb1 Rdc8 34. Qa6 Kg7 35. Qb7 Qxf1# 0-1

[Event "Late-Titled-Tuesday-Blitz-June-04-2024"]
[Site "Chess.com"]
[Date "2024.06.04"]
[Round "1"]
[White "duone"]
[Black "enestnrvrd"]
[Result "1-0"]
[WhiteElo "2373"]
[BlackElo "2656"]
[TimeControl "180+1"]
[EndTime "14:06:20 PDT"]
[Termination "duone won on time"]

1. e4 c5 2. Nf3 d6 3. c3 Nf6 4. Be2 g6 5. O-O Bg7 6. Re1 O-O 7. Bf1 Bg4 8. h3 Bxf3 9. Qxf3 Nc6 10. Qd1 Nd7 11.
d3 b5 12. Be3 b4 13. d4 bxc3 14. bxc3 cxd4 15. cxd4 Rb8 16. Nc3 Rb4 17. Nd5 Rxd4 18. Bxd4 Nxd4 19. Rc1 e6 20. Ne3 Qg5 21. Rc4 e5 22.
Nd5 f5 23. Rc7 Nf6 24. Bc4 Kh8 25. Nxf6 Qxf6 26. Rf1 fxe4 27. Bd5 Qf4 28. Qg4 e3 29. Qxf4 exf4 30. fxe3 fxe3 31. Rxf8+ Bxf8 32. Rc8 Kg7 33. Rc7+ Kh8 34. Rc8 Kg7 35. Re8 Nf5 36. g4 Ne7 37. Bf3 d5 38. Rd8 g5 39. Kf1 Ng6 40. Rxd5 Nf4 41.
Rxg5+ Kh6 42. Rf5 Bd6 43. h4 Kg6 44. Ra5 h6 45. Ra6 1-0

[Event "Late-Titled-Tuesday-Blitz-June-04-2024"]
[Site "Chess.com"]
[Date "2024.06.04"]
[Round "1"]
[White "Mischuk_D"]
[Black "mostafa_sakha"]
[Result "1-0"]
[WhiteElo "2713"]
[BlackElo "2398"]
[TimeControl "180+1"]
[EndTime "14:06:21 PDT"]
[Termination "Mischuk_D won by resignation"]

1. d4 Nf6 2. c4 e6 3. Nc3 Bb4 4. Bg5 c5 5. d5 exd5 6. cxd5 d6 7. e3 Nbd7 8. Bb5 Qa5 9. Bxd7+ Nxd7 10. Ne2 O-O 11. Be7 Re8 12. Bxd6 Nf6 13. O-O c4 14. Bxb4 Qxb4 15. Qd4 Bf5 16. b3 Rac8 17. Rfd1 b5 18. Ng3 Bg6 19. e4 a5 20. a3 Qxb3 21. Rab1 Qxa3 22.
Nxb5 Qc5 23. Qxc5 Rxc5 24. Nc3 Nd7 25. f3 Ne5 26. Rb7 Nd3 27. Ra1 Ra8 28. h4 h5 29.
Nge2 f5 30. Nd4 fxe4 31. fxe4 Bf7 32. Rf1 Re8 33. Rfxf7 1-0

[Event "Late-Titled-Tuesday-Blitz-June-04-2024"]
[Site "Chess.com"]
[Date "2024.06.04"]
[Round "1"]
[White "Oleg_Papayan"]
[Black "carloseduar100"]
[Result "0-1"]
[WhiteElo "2564"]
[BlackElo "2268"]
[TimeControl "180+1"]
[EndTime "14:06:22 PDT"]
[Termination "carloseduar100 won by checkmate"]

1. e4 e6 2. d4 d5 3. Nc3 Nf6 4. Bg5 Be7 5. e5 Nfd7 6. Bxe7 Qxe7 7. f4 a6 8. Qg4 O-O 9. Nf3 f5 10. Qg5 Qxg5 11. Nxg5 Re8 12. Nxe6 Rxe6 13. Nxd5 Ra7 14. Nxc7 Rc6 15. Nd5 Rxc2 16. Bd3 Rc6 17. Ne7+ Kf7 18. Nxc6 Nxc6 19. Bxf5 Nxd4 20. Bxd7 Bxd7 21.
Rd1 Nc2+ 22. Kf2 Bf5 23. a3 h5 24. Rd6 Ra8 25. Rhd1 Rc8 26. h3 h4 27. Rd8 Rc4 28. Kf3 Be4+ 29. Kf2 Bc6 30. g3 hxg3+ 31. Kxg3 Ne3 32. R1d3 Nf5+ 33. Kg4 Nh6+ 34. Kg5 Rc2 35. Rd2 Rc1 36. R8d7+ Kg8 37. Rd8+ Kh7 38. e6 Rg1+ 39. Kh4 Nf5+ 40. Kh5 Bf3# 0-1

[Event "Late-Titled-Tuesday-Blitz-June-04-2024"]
[Site "Chess.com"]
[Date "2024.06.04"]
[Round "1"]
[White "campochess"]
[Black "JacksterThePro"]
[Result "0-1"]
[WhiteElo "2170"]
[BlackElo "2550"]
[TimeControl "180+1"]
[EndTime "14:06:23 PDT"]
[Termination "JacksterThePro won by resignation"]

1. e4 c6 2. d4 d5 3. exd5 cxd5 4. c4 Nf6 5. Nc3 Nc6 6. Bg5 e6 7. cxd5 exd5 8. Bb5 Be7 9. Nf3 O-O 10. O-O Ne4 11.
Bxe7 Nxe7 12. Ne5 Bf5 13. Re1 Rc8 14. Rc1 Nxc3 15. bxc3 Qa5 16. Qa4 Qxa4 17. Bxa4 Rc7 18. c4 Rfc8 19. c5 b6 20. c6 a6 21. Bb3 Be6 22. Nd7 Rxc6 23. Rxc6 Rxc6 24. Nb8 Rc8 25. Nxa6 Nc6 26. Rc1 Nxd4 27. Rxc8+ Bxc8 28. Nc7 Nxb3 29. Nxd5 Be6 30. Nxb6 Na5 31. a4 Kf8 32. f3 Ke7 33. Kf2 Kd6 34. Ke3 Kc6 35. Na8 Kb7 0-1

[Event "Late-Titled-Tuesday-Blitz-June-04-2024"]
[Site "Chess.com"]
[Date "2024.06.04"]
[Round "1"]
[White "manitodeplomo"]
[Black "sammartin99"]
[Result "1-0"]
[WhiteElo "2617"]
[BlackElo "2309"]
[TimeControl "180+1"]
[EndTime "14:06:25 PDT"]
[Termination "manitodeplomo won on time"]

1. d4 d5 2. c4 c6 3. Nf3 Nf6 4. Nc3 a6 5. Ne5 g6 6. Qb3 Bg7 7. Bf4 O-O 8. h3 Nbd7 9. cxd5 Nxe5 10.
Bxe5 Nxd5 11. Bxg7 Kxg7 12. e3 Qa5 13. Bc4 Nxc3 14.
Qxc3 Qxc3+ 15. bxc3 b5 16. Be2 Be6 17. a4 Bb3 18. Bd1 bxa4 19. Bxb3 axb3 20. Kd2 Rfb8 21.
c4 a5 22. Ra4 Rb4 23. Rxb4 axb4 24. Rb1 Ra2+ 25. Kd3 Ra3 26. c5 Kf6 27. Kc4 Ra2 28.
Rxb3 Rxf2 29. Rxb4 Rxg2 30. Rb6 Ke6 31. Rxc6+ Kd7 32.
Ra6 Rc2+ 33. Kd5 1-0

[Event "Late-Titled-Tuesday-Blitz-June-04-2024"]
[Site "Chess.com"]
[Date "2024.06.04"]
[Round "1"]
[White "Naruna_Chan"]
[Black "ncofre98"]
[Result "0-1"]
[WhiteElo "2269"]
[BlackElo "2587"]
[TimeControl "180+1"]
[EndTime "14:06:26 PDT"]
[Termination "ncofre98 won by resignation"]

1. e4 c5 2. c3 Nf6 3. e5 Nd5 4. Bc4 Nb6 5. Bb3 c4 6. Bc2 d6 7. Nf3 dxe5 8. Nxe5 Qd5 9. Nf3 Qe6+ 10. Qe2 Nc6 11. b3 Qxe2+ 12. Kxe2 e5 13. Re1 Be6 14. Kf1 f6 15. bxc4 Bxc4+ 16. d3 Bd5 17. Nbd2 O-O-O 18. Ne4 Be7 19. a4 Na5 20. Bd2 Bb3 21. Bb1 Bf7 22. c4 Nb3 23. Ra2 Nxd2+ 24. Nexd2 Bg6 25. Ne4 Bb4 26. Rc1 Bxe4 27. dxe4 Nd7 28. Bd3 Nc5 29. Bb1 Rd7 30. Ke2 Rhd8 31. a5 Rd6 32. Nh4 Rd2+ 33. Rxd2 Rxd2+ 34. Kf1 Bxa5 35. Nf5 Rd7 36. f3 g6 37. Ne3 Bd2 0-1

[Event "Late-Titled-Tuesday-Blitz-June-04-2024"]
[Site "Chess.com"]
[Date "2024.06.04"]
[Round "1"]
[White "emeli_chess"]
[Black "DreamsAreFake"]
[Result "0-1"]
[WhiteElo "2372"]
[BlackElo "2680"]
[TimeControl "180+1"]
[EndTime "14:06:27 PDT"]
[Termination "DreamsAreFake won by resignation"]

1. d4 Nf6 2. c4 b6 3. Nc3 Bb7 4. d5 e6 5. e4 Bb4 6. Bd3 O-O 7. Nf3 exd5 8. cxd5 Re8 9. Bg5 Nxe4 10. Bxe4 Bxc3+ 11. bxc3 Rxe4+ 12. Be3 Na6 13. O-O d6 14. Qd3 Re8 15.
Rfe1 Nc5 16. Bxc5 dxc5 17. c4 Qf6 18. h3 h6 19. Rad1 g6 20. Re3 Rxe3 21. Qxe3 Ba6 22. Qxh6 Bxc4 23. Ng5 Qg7 24. Qh4 Bb5 25. d6 cxd6 26.
Rxd6 Re8 27. Qf4 Re1+ 28. Kh2 Qe5 29. Qxe5 Rxe5 30. f4 Re2 31. Rd8+ Kg7 32. Ra8 Rxa2 33. Kg3 Bc6 34. Rc8 Bxg2 35. Rc7 Bd5 36. h4 a5 37. f5 gxf5 38. Kf4 a4 39. h5 a3 0-1

[Event "Late-Titled-Tuesday-Blitz-June-04-2024"]
[Site "Chess.com"]
[Date "2024.06.04"]
[Round "1"]
[White "subham777"]
[Black "ilya2700"]
[Result "1-0"]
[WhiteElo "2558"]
[BlackElo "2197"]
[TimeControl "180+1"]
[EndTime "14:06:29 PDT"]
[Termination "subham777 won by checkmate"]

1. e4 c5 2. Nf3 e6 3. g3 d5 4.
exd5 exd5 5. d4 Nc6 6. Bg2 Nf6 7. O-O Bd6 8. Re1+ Be6 9. Ng5 O-O 10. Nxe6 fxe6 11. dxc5 Bxc5 12. Rxe6 Ne4 13. Be3 Nxf2 14. Qxd5 Bxe3 15. Rxe3+ Qxd5 16. Bxd5+ Kh8 17. Nc3 Nb4 18. Bb3 Nc6 19. Rf1 Ng4 20. Ref3 Rxf3 21. Rxf3 Rd8 22. Rf7 Nce5 23. Rxb7 h6 24. Bd5 Ne3 25. Be4 N5c4 26.
Kf2 Ng4+ 27. Kg2 Nxb2 28. Rxb2 Rd2+ 29. Kf3 h5 30. Bg6 Nxh2+ 31. Ke3 Rg2 32. Rb8# 1-0

[Event "Late-Titled-Tuesday-Blitz-June-04-2024"]
[Site "Chess.com"]
[Date "2024.06.04"]
[Round "1"]
[White "Perecke"]
[Black "Shiner22"]
[Result "1-0"]
[WhiteElo "2601"]
[BlackElo "2288"]
[TimeControl "180+1"]
[EndTime "14:06:31 PDT"]
[Termination "Perecke won on time"]

1. e4 c5 2. Nf3 Nc6 3. d4 cxd4 4.
Nxd4 e5 5. Nb5 a6 6. Nd6+ Bxd6 7. Qxd6 Qf6 8. Qd1 Qg6 9. Nc3 d5 10. Nxd5 Qxe4+ 11. Ne3 Nf6 12. Bd3 Qb4+ 13. c3 Qe7 14. O-O e4 15. Be2 O-O 16. Qc2 Ne5 17. b3 b5 18. a4 Rb8 19. axb5 axb5 20. Ba3 b4 21. Bxb4 Rxb4 22. cxb4 Qxb4 23. Rfc1 h6 24. Qc3 Qe7 25. Ra5 Ng6 26. b4 Be6 27. Rc5 Nf4 28.
Bf1 N6d5 29. Nxd5 Bxd5 30. Qd2 Qg5 31. Qe3 Rd8 32. g3 Ne6 33. Qxg5 hxg5 34. Rc8 Rxc8 35. Rxc8+ Kh7 36. b5 Nd4 37. Bc4 Nf3+ 38. Kh1 Bb7 39. Rc7 e3 40. Rxb7 exf2 41. Kg2 Nd2 42. Bd3+ g6 43. Rxf7+ 1-0

[Event "Late-Titled-Tuesday-Blitz-June-04-2024"]
[Site "Chess.com"]
[Date "2024.06.04"]
[Round "1"]
[White "Kostukov_Alex"]
[Black "osh1ro"]
[Result "0-1"]
[WhiteElo "2311"]
[BlackElo "2618"]
[TimeControl "180+1"]
[EndTime "14:06:33 PDT"]
[Termination "osh1ro won on time"]

1. g3 e6 2. Bg2 Nf6 3. d3 d5 4.
e4 dxe4 5. dxe4 Qxd1+ 6. Kxd1 Bc5 7. f3 e5 8. Nd2 Be6 9. Bh3 Bxh3 10. Nxh3 Nc6 11.
c3 O-O-O 12. Ke2 h6 13. Nc4 Rhe8 14. Be3 Bf8 15. a4 a5 16. Nf2 b6 17. Rhd1 Kb7 18.
Rxd8 Rxd8 19. Nd3 Re8 20. g4 Nd7 21. h4 Be7 22. Rh1 Ka6 23. Bf2 b5 24. axb5+ Kxb5 25.
Ne3 Nb6 26. b3 Rd8 27. Nf5 Bf8 28. Bxb6 cxb6 29. g5 h5 30. Ne3 Ka6 31. Nd5 b5 32. Ra1 Kb7 33. Ke3 Bd6 34. Ke2 Bb8 35. Ke3 Ba7+ 36.
Ke2 Bb6 37. Nxb6 Kxb6 38. Nc1 b4 0-1

[Event "Late-Titled-Tuesday-Blitz-June-04-2024"]
[Site "Chess.com"]
[Date "2024.06.04"]
[Round "1"]
[White "Evan_Attaker"]
[Black "jbking07"]
[Result "1-0"]
[WhiteElo "2695"]
[BlackElo "2381"]
[TimeControl "180+1"]
[EndTime "14:06:34 PDT"]
[Termination "Evan_Attaker won on time"]

1. a3 d5 2. Nf3 g6 3. c4 c6 4. b3 Bg7 5. Ra2 e5 6. d3 Ne7 7. e3 O-O 8. Be2 h6 9. O-O Be6 10. Rc2 f5 11. Bb2 Nd7 12. Nbd2 a5 13. Qa1 Qc7 14. cxd5 Bxd5 15. Nc4 Bxc4 16. Rxc4 Kh7 17.
Rd1 Nd5 18. Bf1 g5 19. Qb1 g4 20. Ne1 Rae8 21. d4 e4 22. g3 h5 23. Ng2 Qd8 24. b4 axb4 25. axb4 N7b6 26. Rcc1 Nxb4 27. Ba3 N4d5 28. Bxf8 Bxf8 29. Qb3 Be7 30. Nf4 h4 31. Nxd5 cxd5 32. Rb1 Nd7 33. Qxd5 Kg6 34. Rxb7 hxg3 35.
Qxd7 gxh2+ 36. Kh1 Qa8 37. Qe6+ Bf6 38. Qf7+ Kg5 39.
Rb6 Rg8 40. Qxf6+ 1-0

[Event "Late-Titled-Tuesday-Blitz-June-04-2024"]
[Site "Chess.com"]
[Date "2024.06.04"]
[Round "1"]
[White "Jakhongir-Vakhidov"]
[Black "toninhojit"]
[Result "1-0"]
[WhiteElo "2967"]
[BlackElo "2505"]
[TimeControl "180+1"]
[EndTime "14:06:35 PDT"]
[Termination "Jakhongir-Vakhidov won by resignation"]

1. c4 c5 2. g3 Nc6 3. Bg2 g6 4. Nc3 Bg7 5. Nf3 e5 6. d3 Nge7 7. O-O O-O 8. a3 d6 9. Rb1 f5 10. Ne1 h6 11. b4 Rb8 12. Nc2 f4 13. Ne4 b6 14. e3 g5 15. b5 Na5 16. Bb2 Bf5 17.
exf4 gxf4 18. gxf4 Ng6 19. fxe5 dxe5 20. Ne3 Bxe4 21. Bxe4 Nf4 22. Kh1 Qh4 23. Qg4 Qxg4 24. Nxg4 Nb3 25. Bxe5 Nd2 26. Rg1 Bxe5 27. Nxe5+ Kh8 28.
Rbd1 Nxe4 29. dxe4 Rbe8 30. Ng6+ Nxg6 31. Rxg6 Rxe4 32.
Rxh6+ Kg7 33. Rc6 Rxf2 34. Rd7+ Rf7 35. Rxf7+ Kxf7 36. Rc7+ Kf6 37. Rxa7 Rxc4 38. Ra6 Kg5 39. Rxb6 Kg4 40. Rg6+ Kf3 41. Rf6+ Kg4 42. b6 Rc1+ 43. Kg2 Rb1 44. a4 c4 45. h3+ Kg5 46. Rc6 c3 47. a5 Rb2+ 48. Kf3 c2 49. Ke3 Kh4 50. Kd2 Rb5 51. Rxc2 Rxa5 52. Rb2 Ra8 53. b7 Rb8 54. Kd3 1-0

[Event "Late-Titled-Tuesday-Blitz-June-04-2024"]
[Site "Chess.com"]
[Date "2024.06.04"]
[Round "1"]
[White "bascheyaro"]
[Black "TheoSlade"]
[Result "1-0"]
[WhiteElo "2799"]
[BlackElo "2446"]
[TimeControl "180+1"]
[EndTime "14:06:35 PDT"]
[Termination "bascheyaro won by resignation"]

1. d4 d5 2. c4 e6 3. Nc3 a6 4.
Bf4 dxc4 5. e3 b5 6. a4 b4 7. Nb1 c5 8. Bxc4 cxd4 9. exd4 Nf6 10. Nf3 Bd6 11. Ne5 O-O 12. O-O Bb7 13. Nd2 Nc6 14. Ndf3 Rc8 15. Rc1 Ne7 16. Bg3 Nf5 17. Qd3 Nxg3 18. hxg3 Bxe5 19. Nxe5 Qd6 20. a5 Rfd8 21. Rfd1 Rc7 22. Qe2 g6 23. b3 Kg7 24. f3 Nd5 25.
Bxd5 Rxc1 26. Rxc1 Qxd5 27. Rc7 Qxd4+ 28. Kh2 Bd5 29.
Rxf7+ Kg8 30. Rc7 Bxb3 31. Ng4 Kh8 32. Qe4 Qxe4 33. Nf6 g5 34. fxe4 1-0

[Event "Late-Titled-Tuesday-Blitz-June-04-2024"]
[Site "Chess.com"]
[Date "2024.06.04"]
[Round "1"]
[White "Heinza9"]
[Black "wadsy27"]
[Result "1-0"]
[WhiteElo "2354"]
[BlackElo "2625"]
[TimeControl "180+1"]
[EndTime "14:06:35 PDT"]
[Termination "Heinza9 won on time"]

1. c4 c6 2. Nf3 d5 3. g3 Nf6 4. Bg2 g6 5. O-O Bg7 6. d3 O-O 7. Nbd2 a5 8. Rb1 Na6 9. a3 Nc5 10. b4 axb4 11. axb4 Na4 12. Qb3 dxc4 13. Nxc4 Nd5 14.
Bd2 Nac3 15. Rbe1 Nb5 16. e4 Ra3 17. Qc2 Nb6 18. Nxa3 Nxa3 19. Qb3 Nb5 20. Be3 Be6 21. Qc2 Qc7 22. Rc1 Ra8 23. d4 Ra2 24. Qc5 Qd8 25. d5 Na4 26. Qc4 Bxd5 27. exd5 Nbc3 28. dxc6 bxc6 29. Rfe1 Nb2 30. Qb3 Nd3 31. Rxc3 Nxe1 32. Nxe1 Ra1 33. Rc1 Rxc1 34. Bxc1 1-0

[Event "Late-Titled-Tuesday-Blitz-June-04-2024"]
[Site "Chess.com"]
[Date "2024.06.04"]
[Round "1"]
[White "StellarChess"]
[Black "boguszp"]
[Result "1-0"]
[WhiteElo "2533"]
[BlackElo "1989"]
[TimeControl "180+1"]
[EndTime "14:06:35 PDT"]
[Termination "StellarChess won on time"]

1. d4 d5 2. Nf3 Nf6 3. e3 Bf5 4. Bd3 Bxd3 5. Qxd3 c6 6. O-O e6 7.
Nbd2 Nbd7 8. b3 Bd6 9. Bb2 Qc7 10. e4 dxe4 11. Nxe4 Nxe4 12. Qxe4 O-O 13. Qh4 h6 14. Rfe1 Rae8 15. Ne5 Nf6 16. c4 c5 17. dxc5 Bxc5 18.
Ng4 Nxg4 19. Qxg4 f5 20. Qf3 Rf7 21. Be5 Bd6 22. Bxd6 Qxd6 23. Rad1 Qc7 24. Qe3 b6 25. Qe5 Qxe5 26. Rxe5 Rfe7 27. c5 bxc5 28. Rxc5 e5 29. Rdc1 g6 30. Rc8 Kf7 31. Rxe8 Rxe8 32. Kf1 Re7 33.
Ke2 Kf6 34. Rc6+ Re6 35. Rc8 Re7 36. Kd3 h5 37. h4 e4+ 38. Ke3 Ke5 39. Rc5+ Kd6 40.
Ra5 Ke6 41. Kf4 Kf6 42. Ra6+ Kf7 43. g3 1-0

[Event "Late-Titled-Tuesday-Blitz-June-04-2024"]
[Site "Chess.com"]
[Date "2024.06.04"]
[Round "1"]
[White "yoelpolanco"]
[Black "jk13"]
[Result "0-1"]
[WhiteElo "2376"]
[BlackElo "2687"]
[TimeControl "180+1"]
[EndTime "14:06:36 PDT"]
[Termination "jk13 won by resignation"]

1. d4 Nf6 2. Nf3 e6 3. Bg5 h6 4. Bxf6 Qxf6 5. Nc3 d6 6. e4 Nd7 7. Bd3 Qe7 8. Qe2 g6 9. O-O-O Bg7 10. e5 dxe5 11.
Nxe5 Nxe5 12. dxe5 Qg5+ 13. Kb1 Qxe5 14. Qf3 O-O 15.
Rhe1 Qf6 16. Qxf6 Bxf6 17. Nb5 c6 18. Nd6 Bd7 19. Be4 Rab8 20. b3 Rfd8 21. Rd3 Kf8 22. Red1 Ke7 23. g3 Be5 24. Nc4 Bc7 25. f4 Be8 26.
Rxd8 Rxd8 27. Rxd8 Kxd8 28. Bf3 Ke7 29. a4 g5 30.
fxg5 hxg5 31. Bh5 Bd7 32. Kc1 f5 33. Kd2 Kf6 34. Ke2 e5 35. g4 fxg4 36. Ne3 e4 37.
Bxg4 Bxg4+ 38. Nxg4+ Kf5 39. h3 Kf4 40. Kf2 Bb6+ 41.
Kg2 e3 42. Nh2 e2 43. Nf3 Be3 44. Ne1 b5 45. axb5 cxb5 46. Nf3 a5 47. Ne1 a4 48. bxa4 bxa4 49. Nd3+ Ke4 50. Kg3 a3 0-1